 Dungeon Crawl Stone Soup version 0.23.2-1-ga50397a (webtiles) character file.

Game seed: 3096275725453632861

612 goulibeur the Skirmisher (level 7, -1/61 HPs)
             Began as a White Draconian Berserker on May 22, 2019.
             Was a Believer of Trog.
             Slain by a sky beast (5 damage)
             ... on level 4 of the Dungeon.
             The game lasted 00:13:28 (3982 turns).

goulibeur the Skirmisher (DrBe)                     Turns: 3982, Time: 00:13:28

Health: -1/61      AC:  7    Str: 19    XL:     7   Next: 20%
Magic:  7/7        EV: 14    Int:  7    God:    Trog [**....]
Gold:   158        SH:  0    Dex: 13    Spells: 6/6 levels left

rFire    . . .     SeeInvis .   a - +0 mace
rCold    + . .     Gourm    .   (no shield)
rNeg     . . .     Faith    .   (armour unavailable)
rPois    .         Spirit   .   (helmet restricted)
rElec    .         Reflect  .   (no cloak)
rCorr    .         Harm     .   q - +0 pair of gloves
MR       .....                  (no boots)
Stlth    +.........             (no amulet)
HPRegen  0.20/turn              (no ring)
MPRegen  0.10/turn              (no ring)

@: berserk cooldown, slowed, very slow
A: breathe frost, unfitting armour, cold resistance 1, cold-blooded, AC +6
a: Breathe Frost, Berserk, Trog's Hand, Renounce Religion


You were on level 4 of the Dungeon.
You worshipped Trog.
Trog was pleased with you.
You were not hungry.

You visited 1 branch of the dungeon, and saw 5 of its levels.

You collected 158 gold pieces.

Inventory:

Hand Weapons
 a - a +0 mace (weapon)
Armour
 q - a +0 pair of gloves (worn)
Magical Staves
 n - an uncursed staff of death {unknown}
Jewellery
 e - an uncursed amulet of guardian spirit
 o - an uncursed ring of flight
Scrolls
 c - 4 scrolls of identify
 d - 2 scrolls of amnesia
 h - a scroll of fear
 i - 2 scrolls of teleportation {unknown}
Potions
 f - a potion of invisibility
 g - a potion of degeneration
 j - 3 potions of curing
 k - a potion of might
 l - 2 potions of heal wounds
 m - a potion of flight {unknown}
 p - a potion of mutation {unknown}
Comestibles
 b - 6 rations


   Skills:
 + Level 5.3 Fighting
 + Level 4.8 Maces & Flails
 + Level 3.2 Throwing
 + Level 4.4 Dodging


You had 6 spell levels left.
You didn't know any spells.
Your spell library was empty.

Dungeon Overview and Level Annotations

Branches:
Dungeon (5/15)
 Temple: D:4-7

Altars:

Shops:
D:4 *

Annotations:
D:3 2 runed translucent doors, MalarOregon's ghost, amateur MfSu


Innate Abilities, Weirdness & Mutations

You can breathe waves of freezing cold.
You can buffet flying creatures when you breathe cold.
Your icy white scales are hard. (AC +6)
You cannot fit into any form of body armour.
Your flesh is cold resistant. (rC+)
You are cold-blooded and may be slowed by cold attacks.


Message History

The sky beast completely misses you. The sky beast barely misses you.
The sky beast hits you. The sky beast shocks you.
* * * LOW HITPOINT WARNING * * *
The sky beast barely misses you.
The sky beast hits you but does no damage.
The sky beast misses you.
There is a stone staircase leading up here.
The sky beast flickers out of sight!
Deactivating autopickup; reactivate with Ctrl-A.
Something hits you.
* * * LOW HITPOINT WARNING * * *
Something shocks you.
* * * LOW HITPOINT WARNING * * *
You climb upwards.
Reactivating autopickup.
There is a stone staircase leading down here.
Something hits you.
* * * LOW HITPOINT WARNING * * *
Something shocks you.
You die...

...###...#..#####........(..[...#
#....##........##.........>.....#
##.#.............#.............##
##.#.###.###............#.....##
...#.###.###.####...###########
.....##.............#
.........###....#...#
....####.###..#.....#
..(.###.........@.###
###..#..........>..##
##....P...........#
##..P∩.........#.##
#..P.P........#..###
#####.............##...#
<........###########...#
##.....................#
#........##########...#


There were no monsters in sight!

Vanquished Creatures
  An ice beast (D:5)
  A phantom (D:4)
  An ogre (D:5)
  Blork the orc (D:4)
  Natasha (thrice) (D:3)
  3 worker ants
  5 adders
  A river rat (D:4)
  An ooze (D:1)
  2 worms
  2 leopard geckos
  An orc (D:3)
  9 giant cockroaches
  7 goblins (D:1)
  8 hobgoblins
  4 jackals (D:2)
  3 ball pythons (D:4)
  4 bats
  2 frilled lizards
  4 kobolds
  9 rats
72 creatures vanquished.

Notes
Turn   | Place    | Note
-------+----------+-------------------------------------------
     0 | D:1      | goulibeur the Draconian Berserker began the quest for the
                  | Orb.
     0 | D:1      | Reached XP level 1. HP: 19/19 MP: 1/1
   181 | D:1      | Reached XP level 2. HP: 26/26 MP: 2/2
   586 | D:1      | Reached skill level 1 in Throwing
   942 | D:1      | Reached XP level 3. HP: 33/33 MP: 3/3
  1496 | D:2      | Reached XP level 4. HP: 38/40 MP: 4/4
  1738 | D:2      | Reached ** piety under Trog
  2009 | D:3      | Reached skill level 4 in Fighting
  2072 | D:3      | Found a runed translucent door.
  2073 | D:3      | Noticed MalarOregon's ghost (amateur MfSu)
  2095 | D:3      | Found a runed translucent door.
  2095 | D:3      | Noticed a bullfrog
  2514 | D:3      | Noticed Natasha
  2525 | D:3      | Killed Natasha
  2525 | D:3      | Reached XP level 5. HP: 37/46 MP: 5/5
  2694 | D:3      | Noticed Natasha
  2713 | D:3      | Killed Natasha
  2957 | D:3      | Noticed Natasha
  2968 | D:3      | Killed Natasha
  3083 | D:4      | Noticed Blork the orc
  3092 | D:4      | Killed Blork the orc
  3092 | D:4      | Reached XP level 6. HP: 53/53 MP: 6/6
  3207 | D:4      | Found Sairel's Assorted Antiques.
  3354 | D:4      | Found a glowing drain.
  3390 | D:4      | Reached skill level 5 in Fighting
  3863 | D:5      | Entered Level 5 of the Dungeon
  3877 | D:5      | Noticed an ice beast
  3904 | D:5      | Killed an ice beast
  3910 | D:5      | Your scales start taking on an icy white colour.
  3910 | D:5      | Reached XP level 7. HP: 16/61 MP: 7/7
  3910 | D:5      | Gained mutation: Your flesh is cold resistant. (rC+) [White
                  | Draconian growth]
  3982 | D:4      | Slain by a sky beast

Skill      XL: |  1  2  3  4  5  6 |
---------------+-------------------+-----
Throwing       | 1 2 3 |  3.2
Dodging        | 3 4 |  4.4
Fighting       | 4 5 |  5.3
Maces & Flails | 4 |  4.8

Action                   |  1- 3 |  4- 6 |  7- 9 || total
-------------------------+-------+-------+-------++-------
Melee: Mace              |   103 |   211 |     2 ||   316
       Tailslap          |     8 |    30 |     1 ||    39
Invok: Berserk           |       |     5 |     1 ||     6
  Use: Scroll            |       |    12 |       ||    12
 Stab: Sleeping          |     1 |       |       ||     1
  Eat: Chunk             |     2 |     7 |       ||     9
       Ration            |       |     1 |     1 ||     2
Armor: Skin              |    29 |    56 |     1 ||    86
Dodge: Dodged            |    78 |   169 |     4 ||   251
